| TOP OF THE 1ST |
|
Bluefield Blue Jays batting - Pitching for Texas (APP) Rangers : RHP Katsuhito Hoshi
|
|
Pitching: RHP Katsuhito Hoshi
|
|
|
Batting: RHB Justin Geiger
|
0-0: Fly out, F9 (Flyball, 9S, EV 85.0 MPH)
|
|
Batting: RHB Justin Powell
|
0-0: Ball 1-0: Swinging Strike 1-1: Fly out, F7 (Line Drive, 7, EV 93.1 MPH)
|
|
Batting: RHB Taylor Peavey
|
0-0: Ball 1-0: Foul Ball, location: 2F 1-1: Ball 2-1: Ground out 5-3 (Groundball, 56, EV 84.4 MPH)
|
| Top of the 1st over - 0 runs, 0 hits, 0 errors, 0 left on base; Bluefield 0 - Texas (APP) 0 |
| BOTTOM OF THE 1ST |
|
Texas (APP) Rangers batting - Pitching for Bluefield Blue Jays : RHP Scott Olson
|
|
Pitching: RHP Scott Olson
|
|
|
Batting: LHB Walter Vegter
|
0-0: Ball 1-0: SINGLE (Line Drive, 78M, EV 96.9 MPH)
|
|
Batting: RHB Alex Lopez
|
0-0: Ball 1-0: Foul Ball, location: 2F 1-1: SINGLE (Groundball, 15S, EV 74.4 MPH) (infield hit) Walter Vegter to second
|
|
Batting: LHB Tomoya Hashimoto
|
0-0: Ball 1-0: Swinging Strike 1-1: Swinging Strike 1-2: Strikes out swinging
|
|
Batting: RHB David Redman
|
0-0: Foul Ball, location: 2F 0-1: Called Strike Walter Vegter steals 3rd base 0-2: Ball 1-2: Ball 2-2: Foul Ball, location: 2F 2-2: Strikes out swinging
|
|
Batting: RHB Shawn Weber
|
0-0: Ball 1-0: Fielders Choice at 2nd, 6-4 (Groundball, 6, EV 82.5 MPH)
|
| Bottom of the 1st over - 0 runs, 2 hits, 0 errors, 2 left on base; Bluefield 0 - Texas (APP) 0 |
| TOP OF THE 2ND |
|
Bluefield Blue Jays batting - Pitching for Texas (APP) Rangers : RHP Katsuhito Hoshi
|
|
Batting: RHB Jordan Fairburn
|
0-0: Ball 1-0: Foul Ball, location: 2F 1-1: Called Strike 1-2: Foul Ball, location: 2F 1-2: Strikes out swinging, 2-3 out at first.
|
|
Batting: SHB Jack Andrews
|
0-0: Called Strike 0-1: Foul Ball, location: 2F 0-2: Foul Ball, location: 2F 0-2: Ball 1-2: Ball 2-2: SOLO HOME RUN (Flyball, 9D, EV 92.5 MPH), Distance : 354 ft
|
|
Batting: RHB Mike Johnson
|
0-0: Ball 1-0: Ball 2-0: Ball 3-0: Base on Balls
|
|
Batting: RHB Tokuji Kawabata
|
0-0: Called Strike 0-1: Ball 1-1: Ball 2-1: Foul Ball, location: 2F 2-2: DOUBLE (Flyball, 89D, EV 93.1 MPH) Mike Johnson to third
|
|
Batting: RHB Wade Diamond
|
0-0: Foul Ball, location: 2F 0-1: Fly out, F8 (Flyball, 8LD, EV 75.6 MPH) Runner from 3rd tags up, OUT at HOME! 8-2
|
| Top of the 2nd over - 1 run, 2 hits, 0 errors, 1 left on base; Bluefield 1 - Texas (APP) 0 |
| BOTTOM OF THE 2ND |
|
Texas (APP) Rangers batting - Pitching for Bluefield Blue Jays : RHP Scott Olson
|
|
Batting: SHB Mark Paquin
|
0-0: Ball 1-0: Ball 2-0: Ball 3-0: Called Strike 3-1: Foul Ball, location: 2F 3-2: Base on Balls
|
|
Batting: RHB Matt Silva
|
0-0: Ball 1-0: Called Strike Mark Paquin steals 2nd base 1-1: Ball 2-1: Ball 3-1: Base on Balls
|
|
Batting: RHB Jeremy Palac
|
0-0: Swinging Strike 0-1: Foul Ball, location: 2F 0-2: Foul Ball, location: 2F 0-2: Foul Ball, location: 2F 0-2: Ball 1-2: 3-RUN HOME RUN (Flyball, 7D, EV 95.6 MPH), Distance : 390 ft
|
|
Batting: SHB Albert Ortiz
|
0-0: Called Strike 0-1: Ground out U3 (Groundball, 34S, EV 83.1 MPH)
|
|
Batting: LHB Walter Vegter
|
0-0: Called Strike 0-1: Ball 1-1: Called Strike 1-2: Ground out 6-3 (Groundball, 6, EV 79.4 MPH)
|
|
Batting: RHB Alex Lopez
|
0-0: Ball 1-0: Foul Ball, location: 2F 1-1: Ball 2-1: SINGLE (Groundball, 4MD, EV 103.8 MPH)
|
|
Batting: LHB Tomoya Hashimoto
|
0-0: Called Strike 0-1: Ball 1-1: Ball 2-1: Ball 3-1: Ground out 4-3 (Groundball, 4, EV 91.9 MPH)
|
| Bottom of the 2nd over - 3 runs, 2 hits, 0 errors, 1 left on base; Bluefield 1 - Texas (APP) 3 |
| TOP OF THE 3RD |
|
Bluefield Blue Jays batting - Pitching for Texas (APP) Rangers : RHP Katsuhito Hoshi
|
|
Batting: RHB John Hering
|
0-0: Ball 1-0: Foul Ball, location: 2F 1-1: Ball 2-1: Called Strike 2-2: SINGLE (Groundball, 34S, EV 68.8 MPH) (infield hit)
|
|
Batting: RHB Justin Geiger
|
0-0: Called Strike 0-1: Ball John Hering steals 2nd base 1-1: Ball 2-1: Ball 3-1: Ground out 6-3 (Groundball, 6, EV 86.3 MPH) John Hering to third
|
|
Batting: RHB Justin Powell
|
0-0: Ball 1-0: Called Strike 1-1: Foul Ball, location: 2F 1-2: Strikes out swinging, 2-3 out at first.
|
|
Batting: RHB Taylor Peavey
|
0-0: Reached on error, E6 (Groundball, 56, EV 86.3 MPH) John Hering scores
|
|
Batting: RHB Jordan Fairburn
|
0-0: Foul Ball, location: 2F 0-1: Swinging Strike 0-2: Ball 1-2: Foul Ball, location: 2F 1-2: Ground out 6-3 (Groundball, 56, EV 99.4 MPH)
|
| Top of the 3rd over - 1 run, 1 hit, 1 error, 1 left on base; Bluefield 2 - Texas (APP) 3 |
| BOTTOM OF THE 3RD |
|
Texas (APP) Rangers batting - Pitching for Bluefield Blue Jays : RHP Scott Olson
|
|
Batting: RHB David Redman
|
0-0: Ball 1-0: Foul Ball, location: 2F 1-1: Ground out 5-3 (Groundball, 56S, EV 80.6 MPH)
|
|
Batting: RHB Shawn Weber
|
0-0: SINGLE (Line Drive, 89S, EV 111.3 MPH)
|
|
Batting: SHB Mark Paquin
|
0-0: Called Strike 0-1: Ball 1-1: Foul Ball, location: 2F 1-2: Ball 2-2: 2-RUN HOME RUN (Flyball, 9D, EV 95.0 MPH), Distance : 365 ft
|
|
Batting: RHB Matt Silva
|
0-0: Ball 1-0: Ball 2-0: Called Strike 2-1: Foul Ball, location: 2F 2-2: Ball 3-2: Strikes out looking
|
|
Batting: RHB Jeremy Palac
|
0-0: Ground out 6-3 (Groundball, 6, EV 82.5 MPH)
|
| Bottom of the 3rd over - 2 runs, 2 hits, 0 errors, 0 left on base; Bluefield 2 - Texas (APP) 5 |
| TOP OF THE 4TH |
|
Bluefield Blue Jays batting - Pitching for Texas (APP) Rangers : RHP Katsuhito Hoshi
|
|
Batting: SHB Jack Andrews
|
0-0: SINGLE (Groundball, 23, EV 71.9 MPH) (infield hit)
|
|
Batting: RHB Mike Johnson
|
0-0: Ball 1-0: Ball Jack Andrews steals 2nd base 2-0: Ball 3-0: Called Strike 3-1: Ground out 6-3 (Groundball, 6, EV 85.0 MPH) Jack Andrews to third
|
|
Batting: RHB Tokuji Kawabata
|
0-0: Ball 1-0: Called Strike 1-1: Foul Ball, location: 2F 1-2: Ball 2-2: Fly out, F9 (Flyball, 9D, EV 91.3 MPH)
|
|
Batting: RHB Wade Diamond
|
0-0: Ball 1-0: 2-RUN HOME RUN (Flyball, 7D, EV 100.0 MPH), Distance : 380 ft
|
|
Batting: RHB John Hering
|
0-0: Swinging Strike 0-1: Swinging Strike 0-2: Strikes out swinging
|
| Top of the 4th over - 2 runs, 2 hits, 0 errors, 0 left on base; Bluefield 4 - Texas (APP) 5 |
| BOTTOM OF THE 4TH |
|
Texas (APP) Rangers batting - Pitching for Bluefield Blue Jays : RHP Scott Olson
|
|
Batting: SHB Albert Ortiz
|
0-0: Called Strike 0-1: Ball 1-1: Swinging Strike 1-2: Ball 2-2: Ball 3-2: Foul Ball, location: 2F 3-2: Base on Balls
|
|
Batting: LHB Walter Vegter
|
0-0: Called Strike 0-1: Ball 1-1: Fly out, F9 (Flyball, 9D, EV 95.6 MPH)
|
|
Batting: RHB Alex Lopez
|
0-0: Called Strike 0-1: Ball 1-1: Grounds into double play, 6-4-3 (Groundball, 6, EV 79.4 MPH)
|
| Bottom of the 4th over - 0 runs, 0 hits, 0 errors, 0 left on base; Bluefield 4 - Texas (APP) 5 |
| TOP OF THE 5TH |
|
Bluefield Blue Jays batting - Pitching for Texas (APP) Rangers : RHP Katsuhito Hoshi
|
|
Batting: RHB Justin Geiger
|
0-0: SINGLE (Flyball, 7LS, EV 86.3 MPH)
|
|
Batting: RHB Justin Powell
|
0-0: Ball Justin Geiger steals 2nd base 1-0: Ball Justin Geiger steals 3rd base (no throw) 2-0: Ball 3-0: Fly out, F4 (Popup, 4, EV 70.6 MPH)
|
|
Batting: RHB Taylor Peavey
|
0-0: Ball 1-0: Foul Ball, location: 2F 1-1: Foul Ball, location: 2F 1-2: Ball 2-2: Foul Ball, location: 2F 2-2: Foul Ball, location: 2F 2-2: SINGLE (Groundball, 6, EV 104.4 MPH) (infield hit) Justin Geiger scores
|
|
Batting: RHB Jordan Fairburn
|
0-0: Called Strike 0-1: Ball 1-1: Foul Ball, location: 2F 1-2: Foul Ball, location: 2F 1-2: Foul Ball, location: 2F 1-2: Foul Ball, location: 2F 1-2: Foul Ball, location: 2F 1-2: Fielders Choice at 2nd, 6-4 (Groundball, 56, EV 105.0 MPH)
|
|
Batting: SHB Jack Andrews
|
0-0: Ball Jordan Fairburn steals 2nd base 1-0: Intentional Walk
|
|
Batting: RHB Mike Johnson
|
0-0: Ball 1-0: Called Strike 1-1: Fly out, F5 (Line Drive, 5, EV 68.8 MPH)
|
| Top of the 5th over - 1 run, 2 hits, 0 errors, 2 left on base; Bluefield 5 - Texas (APP) 5 |
| BOTTOM OF THE 5TH |
|
Texas (APP) Rangers batting - Pitching for Bluefield Blue Jays : RHP Scott Olson
|
|
Batting: LHB Tomoya Hashimoto
|
0-0: Ground out 5-3 (Groundball, 15, EV 85.0 MPH)
|
|
Batting: RHB David Redman
|
0-0: Foul Ball, location: 2F 0-1: Ball 1-1: Called Strike 1-2: Foul Ball, location: 2F 1-2: SINGLE (Line Drive, 4MD, EV 97.5 MPH)
|
|
Pitching: LHP Akinori Morikawa
|
|
|
Batting: RHB Shawn Weber
|
0-0: Ball 1-0: Grounds into double play, 5-4-3 (Groundball, 56, EV 106.9 MPH)
|
| Bottom of the 5th over - 0 runs, 1 hit, 0 errors, 0 left on base; Bluefield 5 - Texas (APP) 5 |
| TOP OF THE 6TH |
|
Bluefield Blue Jays batting - Pitching for Texas (APP) Rangers : RHP Katsuhito Hoshi
|
|
Batting: RHB Tokuji Kawabata
|
0-0: Foul Ball, location: 2F 0-1: Ball 1-1: Ball 2-1: Ball 3-1: Swinging Strike 3-2: SINGLE (Flyball, 8LS, EV 96.9 MPH)
|
|
Batting: RHB Wade Diamond
|
0-0: Called Strike 0-1: Fly out, F7 (Flyball, 78D, EV 91.9 MPH)
|
|
Batting: RHB John Hering
|
0-0: Ball 1-0: Ball Tokuji Kawabata steals 2nd base 2-0: Ball 3-0: Called Strike 3-1: Swinging Strike 3-2: Base on Balls
|
|
Pitching: RHP Manny Campos
|
|
|
Batting: RHB Justin Geiger
|
0-0: Ball 1-0: Called Strike 1-1: Called Strike 1-2: Grounds into double play, 5-4-3 (Groundball, 56, EV 84.4 MPH)
|
| Top of the 6th over - 0 runs, 1 hit, 0 errors, 1 left on base; Bluefield 5 - Texas (APP) 5 |
| BOTTOM OF THE 6TH |
|
Texas (APP) Rangers batting - Pitching for Bluefield Blue Jays : LHP Akinori Morikawa
|
|
Batting: SHB Mark Paquin
|
0-0: Fly out, F4 (Popup, 4, EV 80.0 MPH)
|
|
Batting: RHB Matt Silva
|
0-0: Foul Ball, location: 2F 0-1: Ball 1-1: Foul Ball, location: 2F 1-2: Strikes out looking
|
|
Batting: RHB Jeremy Palac
|
0-0: Ball 1-0: Foul Ball, location: 2F 1-1: Called Strike 1-2: Fly out, F8 (Flyball, 8LXD, EV 108.1 MPH)
|
| Bottom of the 6th over - 0 runs, 0 hits, 0 errors, 0 left on base; Bluefield 5 - Texas (APP) 5 |
| TOP OF THE 7TH |
|
Bluefield Blue Jays batting - Pitching for Texas (APP) Rangers : RHP Manny Campos
|
|
Batting: RHB Justin Powell
|
0-0: Ball 1-0: SINGLE (Groundball, 25, EV 73.8 MPH) (infield hit)
|
|
Batting: LHB Cesar Arteaga
|
0-0: Called Strike 0-1: Ball 1-1: Ball 2-1: Foul Ball, location: 2F 2-2: Ball 3-2: Fly out, F5 (Flyball, 56D, EV 78.8 MPH)
|
|
Pinch Hitting: SHB Scott Robbins
|
0-0: Called Strike 0-1: Ball 1-1: Swinging Strike 1-2: Grounds into double play, 4-6-3 (Groundball, 4, EV 103.1 MPH)
|
| Top of the 7th over - 0 runs, 1 hit, 0 errors, 0 left on base; Bluefield 5 - Texas (APP) 5 |
| BOTTOM OF THE 7TH |
|
Texas (APP) Rangers batting - Pitching for Bluefield Blue Jays : LHP Akinori Morikawa
|
|
Now at 2B: Mike Johnson
|
|
|
Now in LF: Wade Diamond
|
|
|
Now in CF: Jose Ontiveros
|
|
|
Batting: SHB Albert Ortiz
|
0-0: Ground out 5-3 (Groundball, 56S, EV 83.1 MPH)
|
|
Batting: LHB Walter Vegter
|
0-0: Ball 1-0: Ball 2-0: SINGLE (Line Drive, 8RS, EV 105.6 MPH)
|
|
Batting: RHB Alex Lopez
|
0-0: Called Strike 0-1: Foul Ball, location: 2F 0-2: Foul Ball, location: 2F 0-2: Ball 1-2: SINGLE (Groundball, 56D, EV 101.3 MPH) Walter Vegter to second
|
|
Batting: LHB Tomoya Hashimoto
|
0-0: Called Strike Walter Vegter steals 3rd base 0-1: 3-RUN HOME RUN (Flyball, 7LD, EV 93.1 MPH), Distance : 337 ft
|
|
Pitching: RHP Jose Ramos
|
|
|
Batting: RHB David Redman
|
0-0: Called Strike 0-1: Ball 1-1: Called Strike 1-2: Foul Ball, location: 2F 1-2: Ball 2-2: Strikes out swinging
|
|
Batting: RHB Shawn Weber
|
0-0: Swinging Strike 0-1: Foul Ball, location: 2F 0-2: Ball 1-2: Fly out, F3 (Popup, 3SF, EV 86.3 MPH)
|
| Bottom of the 7th over - 3 runs, 3 hits, 0 errors, 0 left on base; Bluefield 5 - Texas (APP) 8 |
| TOP OF THE 8TH |
|
Bluefield Blue Jays batting - Pitching for Texas (APP) Rangers : RHP Manny Campos
|
|
Pitching: RHP Tim Laverty
|
|
|
Now in LF: Jordan Llanes
|
|
|
Batting: SHB Jack Andrews
|
0-0: Ball 1-0: Swinging Strike 1-1: Ball 2-1: Foul Ball, location: 2F 2-2: Ball 3-2: SOLO HOME RUN (Flyball, 9LD, EV 92.5 MPH), Distance : 349 ft
|
|
Batting: RHB Mike Johnson
|
0-0: Called Strike 0-1: Swinging Strike 0-2: Ball 1-2: Foul Ball, location: 2F 1-2: Ball 2-2: Ball 3-2: Fly out, F9 (Flyball, 9LM, EV 90.6 MPH)
|
|
Batting: RHB Tokuji Kawabata
|
0-0: Ball 1-0: Called Strike 1-1: Ball 2-1: Foul Ball, location: 2F 2-2: Strikes out looking
|
|
Batting: RHB Wade Diamond
|
0-0: Ball 1-0: Ball 2-0: Ball 3-0: Base on Balls
|
|
Batting: RHB John Hering
|
0-0: Ball 1-0: Called Strike 1-1: Ball 2-1: Foul Ball, location: 2F 2-2: Ball 3-2: Fly out, F8 (Line Drive, 8LM, EV 99.4 MPH)
|
| Top of the 8th over - 1 run, 1 hit, 0 errors, 1 left on base; Bluefield 6 - Texas (APP) 8 |
| BOTTOM OF THE 8TH |
|
Texas (APP) Rangers batting - Pitching for Bluefield Blue Jays : RHP Jose Ramos
|
|
Pitching: RHP Bobby Leija
|
|
|
Batting: SHB Mark Paquin
|
0-0: Called Strike 0-1: Ball 1-1: Ball 2-1: Called Strike 2-2: Ground out 4-3 (Groundball, 4S, EV 87.5 MPH)
|
|
Batting: RHB Matt Silva
|
0-0: Ball 1-0: Foul Ball, location: 2F 1-1: SINGLE (Groundball, 4MD, EV 96.3 MPH)
|
|
Batting: RHB Jeremy Palac
|
0-0: Called Strike 0-1: Ball Passed Ball! Matt Silva to second 1-1: Intentional Walk
|
|
Batting: SHB Albert Ortiz
|
0-0: Ball 1-0: Called Strike 1-1: Ball 2-1: Foul Ball, location: 2F 2-2: Foul Ball, location: 2F 2-2: Ball 3-2: Base on Balls Matt Silva to third Jeremy Palac to second
|
|
Batting: LHB Walter Vegter
|
0-0: SINGLE (Groundball, 56, EV 98.8 MPH) Matt Silva scores Jeremy Palac to third Albert Ortiz to second
|
|
Batting: RHB Alex Lopez
|
0-0: SINGLE (Groundball, 4MD, EV 96.9 MPH) Jeremy Palac scores Albert Ortiz to third Walter Vegter to second Runner from 3rd tries for Home, SAFE, throw by CF to home
|
|
Batting: RHB Jordan Llanes
|
0-0: Called Strike Walter Vegter steals 3rd base 0-1: Ball 1-1: Foul Ball, location: 2F 1-2: Ball 2-2: Foul Ball, location: 2F 2-2: Strikes out looking
|
|
Batting: RHB David Redman
|
0-0: Called Strike 0-1: Ball 1-1: Ball 2-1: Fielders Choice at 2nd, U4 (Groundball, 6MD, EV 91.9 MPH)
|
| Bottom of the 8th over - 3 runs, 3 hits, 0 errors, 2 left on base; Bluefield 6 - Texas (APP) 11 |
| TOP OF THE 9TH |
|
Bluefield Blue Jays batting - Pitching for Texas (APP) Rangers : RHP Tim Laverty
|
|
Batting: RHB Justin Geiger
|
0-0: Ball 1-0: Called Strike 1-1: Ball 2-1: Ball 3-1: Foul Ball, location: 2F 3-2: SINGLE (Groundball, 6D, EV 95.6 MPH)
|
|
Batting: RHB Justin Powell
|
0-0: Ball 1-0: Called Strike 1-1: SINGLE (Groundball, 6MD, EV 98.8 MPH) Justin Geiger to second
|
|
Pitching: LHP Tony Bravo
|
|
|
Batting: LHB Cesar Arteaga
|
0-0: Ball 1-0: Fly out, F7 (Flyball, 7D, EV 88.8 MPH) Runner from 2nd tags up, SAFE at 3rd, no throw by LF
|
|
Batting: RHB Jose Ontiveros
|
0-0: Swinging Strike 0-1: Foul Ball, location: 2F 0-2: Foul Ball, location: 2F 0-2: Ball 1-2: Ball 2-2: Fielders Choice at 2nd, 6-4 (Groundball, 6, EV 105.6 MPH) Justin Geiger scores
|
|
Batting: SHB Jack Andrews
|
0-0: Called Strike 0-1: Foul Ball, location: 2F 0-2: Ball 1-2: Fielders Choice at 2nd, 6-4 (Groundball, 6, EV 95.6 MPH)
|
| Top of the 9th over - 1 run, 2 hits, 0 errors, 1 left on base; Bluefield 7 - Texas (APP) 11 |
|